 Dungeon Crawl Stone Soup version 0.30.0-29-ga12c61a403 (webtiles) character file.

Game seed: 5373604955957716852

26 ChadusMaximus the Caller (level 3, -7/24 HPs)
             Began as a Barachi Summoner on June 24, 2023.
             Mangled by a gnoll
             ... wielding a +0 halberd
              (12 damage)
             ... on level 2 of the Dungeon.
             The game lasted 00:01:02 (1125 turns).

ChadusMaximus the Caller (Barachi Summoner)         Turns: 1125, Time: 00:01:03

Health: -7/24      AC:  3    Str:  9    XL:     3   Next: 8%
Magic:  15/15      EV: 12    Int: 17    God:
Gold:   27         SH:  0    Dex: 12    Spells: 6/7 levels left

rFire   . . .        d - +0 hand axe
rCold   . . .        (no shield)
rNeg    . . .        a - +0 robe
rPois   .            (no helmet)
rElec   .            g - +0 cloak
rCorr   .            (no gloves)
SInv    .            (no boots)
Will    .....        (no amulet)
Stlth   ++           j - ring of magical power
HPRegen 0.24/turn    (no ring)
MPRegen 0.14/turn

%: no passive effects
@: slow
A: amphibious, slowness 1, strong legs 1, +LOS
a: Hop


You were on level 2 of the Dungeon.
You visited 1 branch of the dungeon, and saw 2 of its levels.

You collected 27 gold pieces.

Inventory:

Hand Weapons
 d - a +0 hand axe (weapon)
Armour
 a - a +0 robe (worn)
 e - a scarf of harm
 g - a +0 cloak (worn)
Jewellery
 j - a ring of magical power (left hand)
Scrolls
 c - 3 scrolls of identify {unknown}
 f - a scroll of fog {unknown}
 h - a scroll of fear {unknown}
Potions
 b - 2 potions of magic
 i - a potion of attraction {unknown}


   Skills:
 + Level 2.6 Dodging
 - Level 1.8 Stealth
 + Level 2.6 Spellcasting
 * Level 5.4 Summonings


You had 6 spell levels left.
You knew the following spells:

 Your Spells              Type           Power      Damage    Failure   Level
a - Summon Small Mammal   Summ           80%        N/A       1%          1

Your spell library contained the following spells:

 Spells                   Type           Power      Damage    Failure   Level
 Call Imp                 Summ           40%        N/A       3%          2
 Call Canine Familiar     Summ           20%        N/A       6%          3
 Summon Guardian Golem    Hex/Summ       11%        N/A       19%         3
 Summon Lightning Spire   Summ/Air       11%        N/A       52%         4


Dungeon Overview and Level Annotations

Branches:
Dungeon (2/15)

Altars:


Innate Abilities, Weirdness & Mutations

You are amphibious.
You cover ground slowly.
You can hop short distances.
You have an extended range of vision and can be seen from far away.


Message History

There is a stone staircase leading up here.
Magic restored.
A dart slug comes into view.
A dart slug is nearby!
A dart slug is nearby!
A dart slug is nearby!
The dart slug briefly extends its eye-stalks.
The dart slug closely misses you.
A dart slug is nearby!
You hit the dart slug.
The dart slug is heavily wounded.
The dart slug closely misses you.
You hit the dart slug.
The dart slug is almost dead.
The dart slug launches a dart at you. The slug dart hits you.
A dart slug is nearby!
You hit the dart slug but do no damage.
The dart slug is almost dead.
The dart slug bites you.
A dart slug is nearby!
You hit the dart slug.
You kill the dart slug!
HP restored.
Found 4 stones.
No target in view! 2 gnolls come into view.
There are monsters nearby!
There are monsters nearby!
The helpless gnoll fails to defend itself.
You hit the gnoll.
The gnoll is moderately wounded.
The gnoll hits you with a +0 halberd!
You completely miss the gnoll.
The gnoll is moderately wounded.
The gnoll hits you with a +0 halberd!
* * * LOW HITPOINT WARNING * * *
The gnoll hits you with a +0 halberd!
Ouch! That really hurt!
You die...

#.### #...#
#<#.# #####.#
...#.#
###.#.# #
#.....#
#.###.#.#.###
#gg@.(#.#..†#
#######.#####
#.# #.# #.#
..# ###


You could see 2 gnolls.

Vanquished Creatures
  4 dart slugs
  2 bats (D:1)
  2 endoplasms (D:1)
  4 goblins (D:1)
  2 hobgoblins (D:1)
  A rat (D:1)
15 creatures vanquished.

Vanquished Creatures (collateral kills)
  A hobgoblin (D:1)
1 creature vanquished.

Grand Total: 16 creatures vanquished

Notes
Turn   | Place    | Note
-------+----------+-------------------------------------------
     0 | D:1      | ChadusMaximus the Barachi Summoner began the quest for the
                  | Orb.
     0 | D:1      | Reached XP level 1. HP: 13/13 MP: 3/3
   322 | D:1      | Reached skill level 5 in Summonings
   322 | D:1      | Reached XP level 2. HP: 19/19 MP: 1/5
   758 | D:1      | Reached XP level 3. HP: 17/24 MP: 6/6
  1125 | D:2      | Mangled by a gnoll

Illustrated notes

Levels and vault maps discovered:
D:1:      dpeg_arrival_houses_and_road, layout_basic,
          kennysheep_decorative_pillar, glass_columns_a, hangedman_decor_growths
D:2:      layout_basic, serial_aquarium, aquarium_bridge_square
          [aquarium_subvault_window, aquarium_subvault_bridge,
          aquarium_subvault_bridge, aquarium_subvault_bridge],
          aquarium_bridge_square [aquarium_subvault_wall,
          aquarium_subvault_bridge, aquarium_subvault_balcony,
          aquarium_subvault_bridge], aquarium_window_3, aquarium_window_fake,
          aquarium_window_corner, aquarium_view_2c, aquarium_balcony_1b,
          aquarium_pool_2, shapermc_ecumenical_altar_acropolis, st_stairs_7,
          minmay_ruptured, uniq_terence

Skill      XL: |  1 |
---------------+----+-----
Summonings     | 5 |  5.4
Dodging        | |  2.6
Stealth        | |  1.8
Spellcasting   | |  2.6

Action                     || total
---------------------------++-------
  Melee: Hand axe          ||    61
         Punch             ||     1
   Cast: Summon Small Mamm ||     3
   Stab: Sleeping          ||     4
 Armour: Robe              ||    18
  Dodge: Dodged            ||    43
